 Dungeon Crawl Stone Soup version 0.19-a0-700-gd2fa977 (webtiles) character file.

31268 Penterus the Severer (level 13, -1/114 HPs)
             Began as a Minotaur Fighter on June 19, 2016.
             Was the Champion of Okawaru.
             Slain by a death yak (4 damage)
             ... on level 6 of the Lair of Beasts.
             The game lasted 00:49:39 (18209 turns).

Penterus the Severer (Minotaur Fighter)            Turns: 18209, Time: 00:49:39

Health: -1/114     AC: 26    Str: 30    XL:     13   Next: 25%
Magic:  20/20      EV:  2    Int:  5    God:    Okawaru [******]
Gold:   1022       SH:  0    Dex: 11    Spells: 0 memorised, 23 levels left

rFire  + . .     SeeInvis +     K - +5 broad axe
rCold  + . .     Gourm    .     m - +5 plate armour {rF+}
rNeg   + + +     Faith    .     c - +0 shield
rPois  ∞         Spirit   .     T - +1 hat
rElec  .         Dismiss  .     o - +0 cloak
rCorr  .         Reflect  .     e - +1 pair of gloves
SustAt .         Harm     .     R - +0 pair of boots
MR     .....                    (no amulet)
Stlth  ..........               A - ring of see invisible
                                s - ring of Starshine {rPois rC+ Str+5}

@: petrified, not resistant to hostile enchantments, extremely unstealthy
A: retaliatory headbutt, horns 2
a: Heroism, Finesse, Renounce Religion


You were on level 6 of the Lair of Beasts.
You worshipped Okawaru.
Okawaru was exalted by your worship.
You were not hungry.

You visited 3 branches of the dungeon, and saw 18 of its levels.

You collected 1078 gold pieces.
You spent 56 gold pieces at shops.

Inventory:

Hand Weapons
 x - the +0 broad axe "Yhohiuri" {chop, Int+2 Stlth+}
   (Okawaru gifted it to you on level 5 of the Lair of Beasts)

   It inflicts extra damage upon your enemies.
   It affects your intelligence (+2).
   It makes you more stealthy.
 K - a +5 broad axe (weapon)
 P - a +4 eveningstar of crushing
Armour
 c - a +0 shield (worn)
 e - a +1 pair of gloves (worn)
 m - a +5 plate armour of fire resistance (worn)
 o - a +0 cloak (worn)
 R - a +0 pair of boots (worn)
 T - a +1 hat (worn)
Rods
 p - a +0 iron rod (9/9)
   (You found it on level 8 of the Dungeon)
Jewellery
 s - the ring of Starshine (left hand) {rPois rC+ Str+5}
   (You found it on level 4 of the Dungeon)

   [ring of poison resistance]

   It affects your strength (+5).
   It protects you from cold.
   It protects you from poison.
 A - a ring of see invisible (right hand)
 I - an uncursed ring of fire
 L - an uncursed ring of poison resistance
Wands
 a - a wand of polymorph (9/24)
 b - a wand of flame (6/48)
 t - a wand of disintegration (7/24)
 M - a wand of disintegration (10/24)
 Q - a wand of acid (4/15)
 U - a wand of iceblast (4/15)
Scrolls
 j - 2 scrolls of recharging
 r - 2 scrolls of amnesia
 v - 2 scrolls of identify
 y - a scroll of summoning
 B - 2 scrolls of teleportation
 F - a scroll of holy word
 H - 3 scrolls of remove curse
 O - 2 scrolls of fear
 S - 3 scrolls of blinking
 V - a scroll of fog
Potions
 d - 2 potions of cancellation
 h - 2 potions of mutation
 i - 2 potions of heal wounds
 k - 2 potions of flight
 q - a potion of brilliance
 C - 3 potions of cure mutation
 N - 3 potions of curing
 W - a potion of haste
 Z - a potion of lignification
Books
 w - a book of Changes

   Spells                             Type                      Level
   a - Beastly Appendage              Transmutation                1
   b - Sticks to Snakes               Transmutation                2
   c - Spider Form                    Transmutation/Poison         3
   d - Ice Form                       Ice/Transmutation            4
   e - Blade Hands                    Transmutation                5
 z - a book of Geomancy

   Spells                             Type                      Level
   a - Sandblast                      Earth                        1
   b - Passwall                       Transmutation/Earth          2
   c - Stone Arrow                    Conjuration/Earth            3
   d - Petrify                        Transmutation/Earth          4
   e - Lee's Rapid Deconstruction     Earth                        5
 E - the Reference Book on Necromancy and the Snowflakes
   (You found it on level 7 of the Dungeon)

   Spells                             Type                      Level
   a - Pain                           Necromancy                   1
   b - Summon Ice Beast               Ice/Summoning                4
   c - Animate Dead                   Necromancy                   4
   d - Death Channel                  Necromancy                   6
 J - a book of Enchantments

   Spells                             Type                      Level
   a - Cause Fear                     Hexes                        4
   b - Yara's Violent Unravelling     Hexes/Transmutation          5
   c - Silence                        Hexes/Air                    5
   d - Deflect Missiles               Charms/Air                   6
   e - Haste                          Charms                       6
   f - Discord                        Hexes                        8
Miscellaneous
 n - a sack of spiders
Comestibles
 f - 17 bread rations
 g - 5 fruits
 l - 3 royal jellies
 u - 7 meat rations
 D - 3 beef jerkies
 G - 10 slices of pizza
 X - 2 chunks of flesh


   Skills:
 + Level 10.3 Fighting
 * Level 15.2 Axes
 + Level 10.3 Armour
 + Level 9.1 Dodging
 + Level 10.2 Shields
 + Level 5.6 Spellcasting
 - Level 4.5 Invocations


You had 23 spell levels left.
You didn't know any spells.

Dungeon Overview and Level Annotations

Branches:
Dungeon (11/15)            Temple (1/1) D:6            Lair (6/6) D:10
 Shoals (0/4) Lair:4       Spider (0/4) Lair:3        Slime (0/5) Lair:6
    Orc (0/2) D:9

Altars:
Ashenzari
Cheibriados
Dithmenos
Elyvilon
Fedhas
Gozag
Hepliaklqana
Kikubaaqudgha
Makhleb
Nemelex Xobeh
Okawaru
Pakellas
Qazlal
Ru
Sif Muna
Trog
Uskayaw
Vehumet
Xom
Yredelemnul
Zin
The Shining One

Shops:
D:4 }   D:7 ?   D:10 (

Annotations:
Lair:4 exclusion: oklob plant


Innate Abilities, Weirdness & Mutations

You reflexively headbutt those who attack you in melee.
You have a pair of horns on your head.


Message History

The death yak gores you but does no damage.
The death yak gores you.
* * * LOW HITPOINT WARNING * * *
The catoblepas gores you!
* * * LOW HITPOINT WARNING * * *
The death yak gores you but does no damage.
The death yak gores you. The death yak gores you!
* * * LOW HITPOINT WARNING * * *
The catoblepas gores you but does no damage.
The death yak gores you but does no damage.
The death yak gores you!
* * * LOW HITPOINT WARNING * * *
The death yak gores you but does no damage.
The catoblepas gores you!
* * * LOW HITPOINT WARNING * * *
The death yak gores you!
* * * LOW HITPOINT WARNING * * *
The death yak gores you but does no damage.
The death yak gores you!
You die...

#
#####P....#
..###...##
8.. #....#
..8.##...#
#..÷.#...#
#...##..#
##....##.#
#.....Y#.#
.....YY@.#
.....÷YYTP#
...###....#
# ...P..#
.##..### .#
#### P# ##


You could see 4 death yaks, a catoblepas and a deep troll shaman.

Vanquished Creatures
  Rupert (Lair:6)
  Maud (Lair:4)
  3 hydras (Lair:6)
  The ghost of Penterus the Cleaver, a novice MiFi of Okawaru (D:8)
  2 griffons
  A cyclops (D:9)
  3 black mambas
  3 elephants (Lair:6)
  3 rime drakes
  7 spiny frogs
  6 komodo dragons
  Prince Ribbit (Lair:3)
  13 blink frogs
  Sigmund (D:3)
  A human (D:7)
  24 yaks
  A basilisk (Lair:4)
  A wyvern (D:8)
  5 hippogriffs
  3 steam dragons
  A mottled dragon (Lair:6)
  10 water moccasins
  3 porcupines
  2 ice beasts
  10 orc warriors
  A sky beast (D:6)
  A wasp (Lair:4)
  A black bear (Lair:6)
  3 ogres
  17 wolves
  5 centaurs
  The ghost of temujin the Shield-Bearer, an amateur GrFi (D:4)
  12 crocodiles
  A big kobold (D:7)
  17 giant frogs
  A gnoll sergeant (D:9)
  4 scorpions
  A vampire bat (D:7)
  A howler monkey (D:8)
  4 electric eels
  3 crimson imps
  A giant frog zombie (D:6)
  8 hounds
  5 jellies
  9 orc wizards
  A centaur skeleton (D:5)
  9 orc priests
  6 iguanas
  5 worker ants
  A statue (D:6)
  A killer bee zombie (D:9)
  31 sheep
  A hound zombie (D:6)
  16 adders
  11 gnolls
  39 river rats
  A shadow imp (D:8)
  An ooze (D:2)
  A worm (D:4)
  A dart slug (D:4)
  3 fire bats (D:5)
  5 giant geckos
  37 orcs
  2 spectral bats (D:5)
  3 bat skeletons (D:5)
  A bat zombie (D:5)
  6 giant cockroaches
  12 goblins
  12 hobgoblins
  11 jackals
  6 kobolds
  4 quokkas
  2 ball pythons
  15 bats
  A bat simulacrum (D:5)
  6 giant newts
  A jackal skeleton (D:4)
  A quokka skeleton (D:8)
  3 rats
  2 fungi
461 creatures vanquished.

Vanquished Creatures (collateral kills)
  2 kobolds (D:7)
2 creatures vanquished.

Vanquished Creatures (others)
  A swamp drake (Lair:6)
  An orc wizard (D:9)
  2 fungi
  5 plants
9 creatures vanquished.

Grand Total: 472 creatures vanquished

Notes
Turn   | Place    | Note
--------------------------------------------------------------
     0 | D:1      | Penterus the Minotaur Fighter began the quest for the Orb.
     0 | D:1      | Reached XP level 1. HP: 19/19 MP: 0/0
   156 | D:1      | Reached XP level 2. HP: 17/26 MP: 1/1
   455 | D:1      | Reached skill level 3 in Axes
   702 | D:2      | Reached skill level 1 in Dodging
   757 | D:2      | Reached XP level 3. HP: 17/33 MP: 2/2
  1047 | D:2      | Reached skill level 1 in Spellcasting
  1051 | D:2      | Reached XP level 4. HP: 19/40 MP: 4/4
  2166 | D:3      | Reached XP level 5. HP: 44/46 MP: 6/6
  2327 | D:3      | Found a shimmering altar of Xom.
  2386 | D:3      | Noticed Sigmund
  2405 | D:3      | Killed Sigmund
  2405 | D:3      | Reached skill level 4 in Axes
  2405 | D:3      | Reached XP level 6. HP: 51/53 MP: 7/7
  2619 | D:3      | Found a basalt altar of Yredelemnul.
  2685 | D:3      | Found a white marble altar of Elyvilon.
  2868 | D:4      | Noticed temujin's ghost (amateur GrFi)
  2880 | D:4      | Killed temujin's ghost
  3079 | D:4      | Got a pitted marble ring
  3080 | D:4      | Identified the ring of Starshine {rPois rC+ Str+5} (You found it on level 4 of the Dungeon)
  3142 | D:4      | Reached skill level 5 in Fighting
  3142 | D:4      | Reached skill level 5 in Axes
  3142 | D:4      | Reached XP level 7. HP: 27/61 MP: 7/9
  3501 | D:4      | Reached skill level 5 in Armour
  3623 | D:4      | Found Hytwei's Gadget Shop.
  3894 | D:5      | Entered Level 5 of the Dungeon
  4099 | D:5      | Reached skill level 5 in Shields
  4146 | D:5      | Found a snail-covered altar of Cheibriados.
  4159 | D:5      | Reached skill level 6 in Axes
  4361 | D:5      | Found a shattered altar of Ashenzari.
  4364 | D:5      | Found an oddly glowing altar of Pakellas.
  4367 | D:5      | Found a hide-covered altar of Uskayaw.
  4385 | D:5      | Reached XP level 8. HP: 55/68 MP: 10/10
  4782 | D:5      | Reached skill level 7 in Axes
  4926 | D:6      | Got an encrusted hand axe
  4927 | D:6      | Identified the +1 hand axe "Satto" {holy, *Noise rF+ Str+3} (You found it on level 6 of the Dungeon)
  5156 | D:6      | Found a staircase to the Ecumenical Temple.
  5161 | Temple   | Entered the Ecumenical Temple
  5176 | Temple   | Became a worshipper of Warmaster Okawaru
  5475 | D:6      | Reached skill level 8 in Axes
  5762 | D:6      | Found a radiant altar of Vehumet.
  5807 | D:6      | Reached skill level 9 in Axes
  6201 | D:7      | Found a sacrificial altar of Ru.
  6322 | D:7      | Found a shadowy altar of Dithmenos.
  6414 | D:7      | Reached skill level 10 in Axes
  6416 | D:7      | Reached * piety under Okawaru
  6598 | D:7      | Found a burning altar of Makhleb.
  6662 | D:7      | Found Uwkocsuyr's Magic Scroll Emporium.
  6667 | D:7      | Identified the Reference Book on Necromancy and the Snowflakes
  6682 | D:7      | Reached skill level 1 in Invocations
  6682 | D:7      | Reached XP level 9. HP: 66/74 MP: 11/11
  7093 | D:8      | Found a snail-covered altar of Cheibriados.
  7127 | D:8      | Noticed Penterus's ghost (novice MiFi)
  7155 | D:8      | Killed Penterus's ghost
  7155 | D:8      | Reached ** piety under Okawaru
  7247 | D:8      | Reached skill level 11 in Axes
  7981 | D:8      | Reached *** piety under Okawaru
  7981 | D:8      | Reached XP level 10. HP: 84/84 MP: 13/13
  8460 | D:9      | Found an ancient bone altar of Kikubaaqudgha.
  8630 | D:9      | Reached skill level 5 in Dodging
  9180 | D:9      | Found a staircase to the Orcish Mines.
  9372 | D:9      | Found a large runed door.
  9373 | D:9      | Found a large runed door.
  9395 | D:9      | Noticed a cyclops
  9604 | D:9      | Found an iron altar of Okawaru.
  9604 | D:9      | Found an iron altar of Okawaru.
  9615 | D:9      | Reached **** piety under Okawaru
  9618 | D:9      | Killed a cyclops
  9691 | D:10     | Entered Level 10 of the Dungeon
  9864 | D:10     | Found a deep blue altar of Sif Muna.
  9948 | D:10     | Found a staircase to the Lair.
  9996 | D:10     | Reached skill level 12 in Axes
 10175 | D:10     | Found Ifuvea's Weapon Boutique.
 10178 | D:10     | Bought a +0 broad axe for 56 gold pieces
 10256 | Lair:1   | Entered Level 1 of the Lair of Beasts
 10279 | Lair:1   | Reached ***** piety under Okawaru
 10699 | Lair:1   | Noticed a black mamba
 10704 | Lair:1   | Killed a black mamba
 10704 | Lair:1   | Received a gift from Okawaru
 10704 | Lair:1   | Reached XP level 11. HP: 90/93 MP: 14/16
 12818 | Lair:3   | Noticed Prince Ribbit
 12849 | Lair:3   | Killed Prince Ribbit
 12849 | Lair:3   | Reached skill level 13 in Axes
 13055 | Lair:3   | Found a hole to the Spider Nest.
 13511 | Lair:3   | Received a gift from Okawaru
 14003 | Lair:4   | Received a gift from Okawaru
 14088 | Lair:4   | Noticed Maud
 14102 | Lair:4   | Killed Maud
 14102 | Lair:4   | Reached XP level 12. HP: 68/104 MP: 10/18
 14732 | Lair:4   | Reached skill level 14 in Axes
 15315 | Lair:4   | Found a staircase to the Shoals.
 15411 | Lair:4   | Reached skill level 5 in Spellcasting
 16243 | Lair:5   | Received a gift from Okawaru
 16246 | Lair:5   | Got an ichor-stained broad axe {god gift}
 16247 | Lair:5   | Identified the +0 broad axe "Yhohiuri" {chop, Int+2 Stlth+} (Okawaru gifted it to you on level 5 of the Lair of Beasts)
 16821 | Lair:6   | Entered Level 6 of the Lair of Beasts
 16821 | Lair:6   | Noticed a seven-headed hydra
 16833 | Lair:6   | Killed a seven-headed hydra
 16833 | Lair:6   | Reached skill level 10 in Fighting
 17090 | Lair:6   | Noticed Rupert
 17112 | Lair:6   | Killed Rupert
 17112 | Lair:6   | Reached ****** piety under Okawaru
 17112 | Lair:6   | Reached skill level 10 in Armour
 17128 | Lair:6   | Noticed a five-headed hydra
 17130 | Lair:6   | Reached XP level 13. HP: 106/113 MP: 15/20
 17137 | Lair:6   | Reached skill level 15 in Axes
 17276 | Lair:6   | Found a staircase to the Slime Pits.
 17290 | Lair:6   | Reached skill level 10 in Shields
 17293 | Lair:6   | Received a gift from Okawaru
 18209 | Lair:6   | HP: 3/114 [death yak (6)]
 18209 | Lair:6   | Slain by a death yak

Vault maps used:
D:1:      dpeg_arrival_fog, hangedman_abyss_or_decor_stabs
D:2:      serial_co_window_serial, co_window_paths_a, co_window_corner_a,
          co_window_corner_a, co_window_corner_a, co_window_corner_a,
          co_window_corner_b, co_window_cross_4, co_window_broadway_a,
          co_window_paths_c, co_window_4corner_a, glass_columns_c,
          glass_columns_a, first_bread
D:3:      corexii_shack_village, kennysheep_ying_yang, lemuel_crystal_altar,
          grunt_decor_cap, uniq_sigmund
D:4:      serial_shops, shop
D:5:      overflow_temple_1_default, grunt_temple_overflow_diamond,
          goddamned_bats
D:6:      vehumet_statue, temple_doors_e
D:7:      nicolae_dithmenos_the_darkroom, nicolae_ru_great_annihilating_truth,
          marbit_many_paths, serial_shops, nicolae_shop_stone, grunt_livestock
D:8:      cheibriados_altar_1
D:9:      okawaru_arena_lexackson, erik_orc_2, basic_altar
D:10:     lair_0_dummy, basic_altar, serial_shops, nicolae_shop_behind_doors
D:11:     st_stairs_12
Temple:   triangle_lava_temple_10
Lair:1:   serial_bayou_shore_a
Lair:3:   dummy_spider_entry, serial_bayou, serial_bayou_lake_a,
          serial_bayou_ford_a, serial_bayou_pond_e, serial_bayou_lagoon_b,
          uniq_prince_ribbit2
Lair:4:   elwin_shoals_entry_rocks, minmay_lair_oklob_bushes,
          grunt_megastairs_1, uniq_maud
Lair:6:   grunt_lair_end_beastmaster, minmay_slime_entry_pillars,
          guppyfry_lair_drakes, grunt_megastairs_3, uniq_rupert

Skill      XL: |  1  2  3  4  5  6  7  8  9 10 11 12 13 |
---------------+----------------------------------------+-----
Axes           | 3 4 5 6 10 11 12 13 14 15 | 15.2
Dodging        | 1 2 3 4 5 7 8 9 |  9.1
Spellcasting   | 1 2 3 4 5 |  5.6
Shields        | 4 5 6 7 8 9 10 | 10.2
Armour         | 4 5 6 7 8 10 | 10.3
Fighting       | 4 5 6 7 9 10 | 10.3
Invocations    | 1 3 4 |  4.5

Action                   |  1- 3 |  4- 6 |  7- 9 | 10-12 | 13-15 || total
-------------------------+-------+-------+-------+-------+-------++-------
Melee: War axe           |    78 |   117 |   312 |   166 |       ||   673
       Headbutt          |     8 |    16 |    54 |   146 |    23 ||   247
       Broad axe         |       |       |       |   456 |    76 ||   532
       Eveningstar       |       |       |       |     8 |     7 ||    15
Throw: Tomahawk          |       |       |       |     8 |       ||     8
Invok: Heroism           |       |       |     1 |     1 |       ||     2
       Finesse           |       |       |       |     2 |       ||     2
Evoke: Rod               |       |       |       |     1 |       ||     1
       Wand              |       |       |       |    10 |       ||    10
  Use: Scroll            |       |    12 |     6 |    15 |     7 ||    40
       Potion            |       |     2 |     3 |     3 |       ||     8
 Stab: Invisible         |       |       |     1 |     3 |       ||     4
       Paralysed         |       |       |     1 |       |       ||     1
  Eat: Chunk             |     1 |     6 |    16 |    25 |     4 ||    52
       Fruit             |       |       |       |     6 |       ||     6
Armor: Scale mail        |    46 |    36 |    74 |       |       ||   156
       Chain mail        |       |       |    54 |       |       ||    54
       Plate armour      |       |       |     6 |   231 |    60 ||   297
Dodge: Dodged            |    25 |    35 |    85 |   145 |    40 ||   330
Block: Shield            |    36 |    57 |   160 |   323 |    45 ||   621
